 Dungeon Crawl Stone Soup version 0.29-a0-561-ga02bf68b3c (webtiles) character file.

Game seed: 1147721861573222577

32 Querens the Shield-Bearer (level 3, 0/30 HPs)
             Began as a Formicid Fighter on June 11, 2022.
             Slain by a gnoll
             ... wielding a +0 spear
              (3 damage)
             ... on level 2 of the Dungeon.
             The game lasted 00:02:50 (980 turns).

Querens the Shield-Bearer (Formicid Fighter)         Turns: 980, Time: 00:02:51

Health: 0/30       AC:  7    Str: 22    XL:     3   Next: 42%
Magic:  3/3        EV:  9    Int:  7    God:
Gold:   79         SH:  4    Dex: 10    Spells: 2/2 levels left

rFire   . . .      SeeInvis +   a - +0 war axe
rCold   . . .      Faith    .   c - +0 buckler
rNeg    . . .      Spirit   .   b - +0 scale mail
rPois   .          Reflect  .   (helmet unavailable)
rElec   .          Harm     .   (no cloak)
rCorr   .          Rampage  .   (no gloves)
Will    .....                   (no boots)
Stlth   ..........              (no amulet)
HPRegen 0.10/turn               (no ring)
MPRegen 0.08/turn               (no ring)

@: no status effects
A: permanent stasis, dig shafts and tunnels, antennae 3, four strong arms
a: Dig, Shaft Self


You were on level 2 of the Dungeon.
You visited 1 branch of the dungeon, and saw 2 of its levels.

You collected 79 gold pieces.

Inventory:

Hand Weapons
 a - a +0 war axe (weapon)
Armour
 b - a +0 scale mail (worn)
 c - a +0 buckler (worn)
Scrolls
 f - a scroll of teleportation {unknown}
 g - a scroll of fog {unknown}
 l - a scroll of enchant armour {unknown}
 m - a scroll of identify {unknown}
Potions
 d - a potion of might
 e - a potion of resistance {unknown}
 h - a potion of curing
 i - a potion of haste {unknown}
 j - 2 potions of heal wounds {unknown}
 k - a potion of degeneration {unknown}


   Skills:
 + Level 3.6 Fighting
 + Level 2.4 Axes
 + Level 3.7 Armour
 + Level 4.4 Shields


You had 2 spell levels left.
You didn't know any spells.
Your spell library was empty.

Dungeon Overview and Level Annotations

Branches:
Dungeon (2/15)

Altars:


Innate Abilities, Weirdness & Mutations

You cannot be hasted, slowed, berserked, paralysed or teleported.
You can dig through walls and to a lower floor.
You have a pair of large antennae on your head. (SInv)
Your four strong arms can wield two-handed weapons with a shield.


Message History

You kill the hobgoblin!
You see here a hobgoblin corpse.
Found a scroll labelled HUEMNO ZOUSM.
m - a scroll labelled HUEMNO ZOUSM
Found a fizzy sapphire potion.
h - 2 fizzy sapphire potions (gained 1) HP restored.
Found an escape hatch in the ceiling.
Found an escape hatch in the floor.
A giant cockroach comes into view.
Found a glowing long sword.
You slash the giant cockroach!
You kill the giant cockroach!
No target in view!
No target in view!
You sense a monster nearby.
You sense a monster nearby.
A hobgoblin and a gnoll come into view.
The hobgoblin shouts!
The gnoll shouts!
You hear a shout! x3
A gnoll comes into view. It is wielding a +0 spear.
You closely miss the hobgoblin. The hobgoblin hits you.
You hit the hobgoblin but do no damage.
A gnoll comes into view. It is wielding a +0 flail.
The hobgoblin hits you but does no damage.
You hit the gnoll.
The gnoll is lightly wounded.
You hit the hobgoblin but do no damage. The gnoll hits you with a +0 flail.
The hobgoblin closely misses you. The gnoll hits you but does no damage.
The gnoll hits you from afar with a +0 spear.
The gnoll hits you with a +0 flail!
The hobgoblin hits you but does no damage.
The gnoll attacks as you move away! The gnoll hits you with a +0 flail.
The gnoll attacks as you move away! You block the gnoll's attack.
The gnoll attacks as you move away! The gnoll hits you with a +0 flail!
* * * LOW HITPOINT WARNING * * *
The gnoll attacks as you move away! The gnoll hits you but does no damage.
It was a potion of curing.
You feel better. The gnoll hits you with a +0 flail.
* * * LOW HITPOINT WARNING * * *
The gnoll hits you from afar with a +0 spear.
You die...

############## ### #......g{g{g.#
############.#
#.##########g###.............
#...............@..#.##########.#
#####..###.#####.#.#.# #.# ...#
####....#.# #.. #.## ...........#
### #.# #####.>..### #.# ##.#<#
#.# #.#.# ..... ...##.#


You could see 2 gnolls.

Vanquished Creatures
  An adder (D:2)
  A ball python (D:1)
  2 bats (D:1)
  An endoplasm (D:1)
  4 giant cockroaches
  A goblin (D:1)
  2 hobgoblins
  3 kobolds (D:1)
  A quokka (D:1)
  5 rats (D:1)
21 creatures vanquished.

Notes
Turn   | Place    | Note
-------+----------+-------------------------------------------
     0 | D:1      | Querens the Formicid Fighter began the quest for the Orb.
     0 | D:1      | Reached XP level 1. HP: 18/18 MP: 1/1
   184 | D:1      | Reached XP level 2. HP: 24/24 MP: 2/2
   753 | D:1      | Reached XP level 3. HP: 29/29 MP: 3/3
   980 | D:2      | Slain by a gnoll

Illustrated notes

Levels and vault maps discovered:
D:1:      dpeg_arrival_lava_temple_mockup, layout_basic,
          minmay_misc_feat_enclosed, hex_tiny
D:2:      cheibrodos_greedy_goblins, layout_loops_ring,
          minmay_misc_feat_secret_circle, chequers_jeans

Action                   || total
-------------------------++-------
Melee: War axe           ||    44
  Use: Potion            ||     1
Armor: Scale mail        ||    26
Dodge: Dodged            ||    18
Block: Buckler           ||     8

Table legend: (Time is in decaauts)
 A = Elapsed time spent in this place.
 B = Non-inter-level travel time spent in this place.
 C = Inter-level travel time spent in this place.
 D = Time resting spent in this place.
 E = Time spent auto-exploring this place.
 F = Levels seen in this place.
 G = Mean time per level.
                   A        B        C        D        E       F      G
               +--------+--------+--------+--------+--------+-----+--------+
         Total |    997 |    870 |    127 |      0 |      0 |   2 |  498.5 |
       Dungeon |    997 |    870 |    127 |      0 |      0 |   2 |  498.5 |
               +--------+--------+--------+--------+--------+-----+--------+

Top non-repeatable levels by time:
     D:1: 843 daAuts
     D:2: 153 daAuts
